 Dungeon Crawl Stone Soup version 0.21.1-1-g345015fe64 (webtiles) character file.

123 Ablot the Poker (level 5, 0/43 HPs)
             Began as a Gnoll Wanderer on July 23, 2018.
             Was a Believer of Cheibriados.
             Slain by an orc
             ... wielding a +0 short sword
              (5 damage)
             ... on level 2 of the Dungeon.
             The game lasted 00:05:25 (1589 turns).

Ablot the Poker (Gnoll Wanderer)                    Turns: 1589, Time: 00:05:25

Health: 0/43       AC:  4    Str: 22    XL:     5   Next: 7%
Magic:  7/7        EV: 14    Int: 18    God:    Cheibriados [**....]
Gold:   79         SH:  0    Dex: 19    Spells: 6/6 levels left

rFire    + . .     SeeInvis .   m - +1 spear (flame)
rCold    + . .     Gourm    .   (no shield)
rNeg     . . .     Faith    .   f - +0 robe
rPois    .         Spirit   .   k - +0 helmet
rElec    .         Reflect  .   n - scarf {rC+ rF+}
rCorr    .         Harm     .   h - +0 pair of gloves
MR       .....                  (no boots)
Stlth    ++........             (no amulet)
HPRegen  0.14/turn              (no ring)
MPRegen  0.10/turn              (no ring)

@: very slow
A: distributed training, fangs 1, strong nose
a: Bend Time, Renounce Religion


You were on level 2 of the Dungeon.
You worshipped Cheibriados.
Cheibriados was pleased with you.
You were not hungry.

You visited 1 branch of the dungeon, and saw 3 of its levels.

You collected 79 gold pieces.

Inventory:

Hand Weapons
 b - a +2 blowgun
 d - a +0 shortbow
 m - a +1 spear of flaming (weapon)
 x - a cursed -1 short sword
Missiles
 a - 4 curare-tipped needles
 e - 40 arrows
 r - 8 javelins of penetration (quivered)
Armour
 f - a +0 robe (worn)
 h - a +0 pair of gloves (worn)
 k - a +0 helmet (worn)
 n - a scarf of resistance (worn)
Jewellery
 y - a +3 ring of evasion {unknown}
 B - an uncursed amulet of the gourmand {unknown}
Scrolls
 i - a scroll of teleportation {unknown}
 l - a scroll of noise {unknown}
 o - a scroll of fog {unknown}
 q - a scroll of amnesia {unknown}
 s - a scroll of fear {unknown}
 v - 4 scrolls of blinking {unknown}
 z - a scroll of immolation {unknown}
 C - a scroll of enchant weapon {unknown}
Potions
 c - a potion of flight {unknown}
 j - a potion of agility {unknown}
 u - a potion of berserk rage {unknown}
 w - a potion of haste {unknown}
 A - a potion of degeneration {unknown}
Comestibles
 g - 6 rations
 t - 2 chunks of flesh


   Skills:
 + Level 4.7 Fighting
 + Level 1.3 Short Blades
 + Level 1.3 Long Blades
 + Level 1.3 Axes
 + Level 1.3 Maces & Flails
 + Level 6.6 Polearms
 + Level 1.3 Staves
 + Level 1.3 Slings
 + Level 2.8 Bows
 + Level 1.3 Crossbows
 + Level 2.8 Throwing
 + Level 2.8 Armour
 + Level 2.8 Dodging
 + Level 1.3 Stealth
 + Level 1.3 Shields
 + Level 1.3 Unarmed Combat
 + Level 1.3 Spellcasting
 + Level 1.0 Conjurations
 + Level 1.0 Hexes
 + Level 1.0 Charms
 + Level 1.0 Summonings
 + Level 1.0 Necromancy
 + Level 1.0 Translocations
 + Level 1.0 Transmutations
 + Level 1.0 Fire Magic
 + Level 1.0 Ice Magic
 + Level 1.0 Air Magic
 + Level 1.0 Earth Magic
 + Level 1.0 Poison Magic
 + Level 1.4 Invocations
 + Level 2.8 Evocations


You had 6 spell levels left.
You didn't know any spells.

Dungeon Overview and Level Annotations

Branches:
Dungeon (3/15)

Altars:
Cheibriados
Fedhas
Xom
Yredelemnul


Innate Abilities, Weirdness & Mutations

Your experience applies equally to all skills.
You have very sharp teeth.
Your uncanny sense of smell can sniff out nearby items.


Message History

You kill the adder!
Cheibriados appreciates the change of pace.
You have reached level 5!
The orc closely misses you. The orc hits you with a mace.
* * * LOW HITPOINT WARNING * * *
The orc hits you with a short sword.
* * * LOW HITPOINT WARNING * * *
A kobold comes into view. It is wielding a dagger.
The orc barely misses you. The orc hits you with a short sword.
* * * LOW HITPOINT WARNING * * *
The orc barely misses you. The orc closely misses you.
There is a stone staircase leading up here.
The orc misses you. The orc completely misses you.
You climb upwards.
There is a stone staircase leading down here.
You feel better. The orc hits you but does no damage.
The orc hits you with a mace!
* * * LOW HITPOINT WARNING * * *
The orc hits you with a short sword.
You die...

...# #.....###.# ...#
#......##.# ####
##...#.##.# #####
#...#..#.## #...#
#.........# #####.#.#
##.#.#....# #.....#.#
#####.#.#....#
#.#####.#
#####.......#.oo#####.#
#.#
#...#.###.###.#>@.....#
#.# #.#.#.#
#.#...######### #.#
#.#.#.###.#.### #.#
#.#.#.....#.#
#########.#
..#.#######.#
#.........# .##.# #.#
#.######### _...# #.#
#.# .#.## #.#######.#
...# #.......#.#


You could see 2 orcs.

Vanquished Creatures
  An orc priest (D:3)
  2 adders
  3 oozes
  2 worms (D:2)
  2 dart slugs
  5 bats (D:2)
  2 giant cockroaches (D:2)
  6 goblins
  4 hobgoblins (D:2)
  9 jackals
  5 kobolds
  6 frilled lizards
  6 rats (D:2)
53 creatures vanquished.

Notes
Turn   | Place    | Note
-------+----------+-------------------------------------------
     0 | D:1      | Ablot the Gnoll Wanderer began the quest for the Orb.
     0 | D:1      | Ablot set off with: 4 curare-tipped needles, a +2 blowgun, a +0 spear, a +0 shortbow, 21 arrows, a +0 robe, a ration
     0 | D:1      | Reached XP level 1. HP: 20/20 MP: 2/2
   235 | D:1      | Reached XP level 2. HP: 26/26 MP: 3/3
   239 | D:1      | Found a snail-covered altar of Cheibriados.
   249 | D:1      | Became a worshipper of Cheibriados the Contemplative
   682 | D:2      | Found a blossoming altar of Fedhas.
   751 | D:2      | Reached XP level 3. HP: 31/31 MP: 4/4
   775 | D:2      | Reached * piety under Cheibriados
   843 | D:2      | Reached skill level 1 in Invocations
   914 | D:2      | Reached skill level 1 in Short Blades
   914 | D:2      | Reached skill level 1 in Long Blades
   914 | D:2      | Reached skill level 1 in Axes
   914 | D:2      | Reached skill level 1 in Maces & Flails
   914 | D:2      | Reached skill level 1 in Staves
   914 | D:2      | Reached skill level 1 in Slings
   914 | D:2      | Reached skill level 1 in Crossbows
   914 | D:2      | Reached skill level 1 in Stealth
   914 | D:2      | Reached skill level 1 in Shields
   914 | D:2      | Reached skill level 1 in Unarmed Combat
   914 | D:2      | Reached skill level 1 in Spellcasting
   920 | D:2      | Reached XP level 4. HP: 30/38 MP: 4/6
  1040 | D:2      | Reached ** piety under Cheibriados
  1338 | D:2      | Found a shimmering altar of Xom.
  1572 | D:3      | Found a basalt altar of Yredelemnul.
  1578 | D:3      | Reached skill level 1 in Conjurations
  1578 | D:3      | Reached skill level 1 in Hexes
  1578 | D:3      | Reached skill level 1 in Charms
  1578 | D:3      | Reached skill level 1 in Summonings
  1578 | D:3      | Reached skill level 1 in Necromancy
  1578 | D:3      | Reached skill level 1 in Translocations
  1578 | D:3      | Reached skill level 1 in Transmutations
  1578 | D:3      | Reached skill level 1 in Fire Magic
  1578 | D:3      | Reached skill level 1 in Ice Magic
  1578 | D:3      | Reached skill level 1 in Air Magic
  1578 | D:3      | Reached skill level 1 in Earth Magic
  1578 | D:3      | Reached skill level 1 in Poison Magic
  1584 | D:3      | Reached XP level 5. HP: 12/43 MP: 7/7
  1589 | D:2      | Slain by an orc

Skill      XL: |  1  2  3  4 |
---------------+-------------+-----
Invocations    | 1 |  1.4
Short Blades   | 1 |  1.3
Long Blades    | 1 |  1.3
Axes           | 1 |  1.3
Maces & Flails | 1 |  1.3
Staves         | 1 |  1.3
Slings         | 1 |  1.3
Crossbows      | 1 |  1.3
Stealth        | 1 |  1.3
Shields        | 1 |  1.3
Unarmed Combat | 1 |  1.3
Spellcasting   | 1 |  1.3
Conjurations   | 1 |  1.0
Hexes          | 1 |  1.0
Charms         | 1 |  1.0
Summonings     | 1 |  1.0
Necromancy     | 1 |  1.0
Translocations | 1 |  1.0
Transmutations | 1 |  1.0
Fire Magic     | 1 |  1.0
Ice Magic      | 1 |  1.0
Air Magic      | 1 |  1.0
Earth Magic    | 1 |  1.0
Poison Magic   | 1 |  1.0
Fighting       | |  4.7
Polearms       | |  6.6
Bows           | |  2.8
Throwing       | |  2.8
Armour         | |  2.8
Dodging        | |  2.8
Evocations     | |  2.8

Action                   |  1- 3 |  4- 6 || total
-------------------------+-------+-------++-------
Melee: Spear             |    63 |    53 ||   116
       Bite              |     4 |     8 ||    12
 Fire: Shortbow          |    15 |       ||    15
  Use: Potion            |       |     2 ||     2
 Stab: Sleeping          |     2 |       ||     2
  Eat: Chunk             |       |     1 ||     1
Armor: Robe              |     9 |    16 ||    25
Dodge: Dodged            |    36 |    40 ||    76
